TOP OF THE 1ST |
Intercourse Amish batting - Pitching for Wilmington Rebels : RHP Thomas Dent
|
Pitching: RHP Thomas Dent
|
|
Batting: LHB Dave Reynolds
|
0-0: Called Strike 0-1: Called Strike 0-2: Strikes out swinging
|
Batting: RHB Frank Maxwell
|
0-0: Foul Ball, location: 2F 0-1: Called Strike 0-2: Foul Ball, location: 2F 0-2: SINGLE (Groundball, 6MD)
|
Batting: RHB Juan Estrada
|
0-0: Ball 1-0: Ball 2-0: Ball 3-0: Base on Balls Frank Maxwell to second
|
Batting: RHB Juan Caceres
|
0-0: Ball 1-0: Fly out, F8 (Line Drive, 8LS)
|
Batting: RHB Bob Carr
|
0-0: Called Strike 0-1: Ball 1-1: Ball 2-1: Swinging Strike 2-2: Ball 3-2: Ground out 6-3 (Groundball, 6)
|
Top of the 1st over - 0 run(s), 1 hit(s), 0 error(s), 2 left on base; Intercourse 0 - Wilmington 0 |
BOTTOM OF THE 1ST |
Wilmington Rebels batting - Pitching for Intercourse Amish : LHP Pancho Guerrero
|
Pitching: LHP Pancho Guerrero
|
|
Batting: LHB Manny Hernández
|
0-0: Ball 1-0: Fly out, F9 (Flyball, 9LM)
|
Batting: LHB Larry Smith
|
0-0: Foul Ball, location: 2F 0-1: Foul Ball, location: 2F 0-2: Ball 1-2: Foul Ball, location: 2F 1-2: Ball 2-2: Ball 3-2: SINGLE (Line Drive, 89S)
|
Batting: RHB Remi Eruzione
|
0-0: Ball 1-0: Foul Ball, location: 2F 1-1: Fly out, F9 (Flyball, 89S)
|
Batting: RHB Eugene Allen
|
0-0: Called Strike 0-1: Foul Ball, location: 2F 0-2: Strikes out swinging
|
Bottom of the 1st over - 0 run(s), 1 hit(s), 0 error(s), 1 left on base; Intercourse 0 - Wilmington 0 |
TOP OF THE 2ND |
Intercourse Amish batting - Pitching for Wilmington Rebels : RHP Thomas Dent
|
Batting: RHB Taylor Justice
|
0-0: Ball 1-0: Ball 2-0: SINGLE (Groundball, 6MD)
|
Batting: LHB Tony O'Bryan
|
0-0: Foul Ball, location: 2F 0-1: Ball 1-1: Called Strike 1-2: Foul Ball, location: 2F 1-2: Ball 2-2: Foul Ball, location: 2F 2-2: Strikes out swinging
|
Batting: LHB Bruce Foster
|
0-0: Ball 1-0: Foul Ball, location: 2F 1-1: Ball 2-1: Foul Ball, location: 2F 2-2: Fly out, F8 (Flyball, 8RM)
|
Batting: RHB Pablo Díaz
|
0-0: Ball 1-0: Ball 2-0: Ground out 5-3 (Groundball, 56S)
|
Top of the 2nd over - 0 run(s), 1 hit(s), 0 error(s), 1 left on base; Intercourse 0 - Wilmington 0 |
BOTTOM OF THE 2ND |
Wilmington Rebels batting - Pitching for Intercourse Amish : LHP Pancho Guerrero
|
Batting: RHB Sergio Moreno
|
0-0: Ball 1-0: Ball 2-0: Ball 3-0: Called Strike 3-1: Swinging Strike 3-2: Foul Ball, location: 2F 3-2: Base on Balls
|
Batting: RHB Jessie Thompson
|
0-0: Ball 1-0: Ball Wild Pitch! Sergio Moreno to second 2-0: Foul Ball, location: 2F 2-1: Ball 3-1: Ground out 4-3 (Groundball, 4) Sergio Moreno to third
|
Batting: RHB Henry Dawson
|
0-0: Ball 1-0: Swinging Strike 1-1: Swinging Strike 1-2: Foul Ball, location: 2F 1-2: Ball 2-2: Strikes out swinging
|
Batting: RHB Anastasio Movonda
|
0-0: Called Strike 0-1: Ball 1-1: Foul Ball, location: 2F 1-2: Fly out, F9 (Flyball, 9S)
|
Bottom of the 2nd over - 0 run(s), 0 hit(s), 0 error(s), 1 left on base; Intercourse 0 - Wilmington 0 |
TOP OF THE 3RD |
Intercourse Amish batting - Pitching for Wilmington Rebels : RHP Thomas Dent
|
Batting: LHB Dave Reynolds
|
0-0: Called Strike 0-1: Called Strike 0-2: Ball 1-2: Strikes out looking
|
Batting: RHB Frank Maxwell
|
0-0: Foul Ball, location: 2F 0-1: Foul Ball, location: 2F 0-2: Strikes out swinging
|
Batting: RHB Juan Estrada
|
0-0: Ball 1-0: Ball 2-0: Ground out 5-3 (Groundball, 5)
|
Top of the 3rd over - 0 run(s), 0 hit(s), 0 error(s), 0 left on base; Intercourse 0 - Wilmington 0 |
BOTTOM OF THE 3RD |
Wilmington Rebels batting - Pitching for Intercourse Amish : LHP Pancho Guerrero
|
Batting: RHB Andrew Deal
|
0-0: Bunt for hit - play at first, batter OUT! 4-3
|
Batting: LHB Manny Hernández
|
0-0: Called Strike 0-1: Ball 1-1: Foul Ball, location: 2F 1-2: Foul Ball, location: 2F Error on foul ball, E7 1-2: Strikes out swinging
|
Batting: LHB Larry Smith
|
0-0: Swinging Strike 0-1: Foul Ball, location: 2F 0-2: Foul Ball, location: 2F 0-2: Strikes out swinging
|
Bottom of the 3rd over - 0 run(s), 0 hit(s), 1 error(s), 0 left on base; Intercourse 0 - Wilmington 0 |
TOP OF THE 4TH |
Intercourse Amish batting - Pitching for Wilmington Rebels : RHP Thomas Dent
|
Batting: RHB Juan Caceres
|
0-0: Ball 1-0: Ball 2-0: Ball 3-0: Base on Balls
|
Batting: RHB Bob Carr
|
0-0: Fly out, F8 (Line Drive, 8LS)
|
Batting: RHB Taylor Justice
|
0-0: SINGLE (Line Drive, 78S) Juan Caceres to second Juan Caceres to third
|
Batting: LHB Tony O'Bryan
|
0-0: Ball 1-0: Swinging Strike 1-1: Ball 2-1: Foul Ball, location: 2F 2-2: Ball 3-2: Foul Ball, location: 2F 3-2: Strikes out swinging
|
Batting: LHB Bruce Foster
|
0-0: Ball 1-0: Ball 2-0: Ball 3-0: Base on Balls Taylor Justice to second
|
Batting: RHB Pablo Díaz
|
0-0: Fielders Choice at 2nd, 6-4 (Groundball, 6)
|
Top of the 4th over - 0 run(s), 1 hit(s), 0 error(s), 2 left on base; Intercourse 0 - Wilmington 0 |
BOTTOM OF THE 4TH |
Wilmington Rebels batting - Pitching for Intercourse Amish : LHP Pancho Guerrero
|
Batting: RHB Remi Eruzione
|
0-0: Ball 1-0: Ball 2-0: Foul Ball, location: 2F 2-1: SOLO HOME RUN (Flyball, 78XD), Distance : 381 ft
|
Batting: RHB Eugene Allen
|
0-0: Ball 1-0: Called Strike 1-1: DOUBLE (Line Drive, 7LS)
|
Batting: RHB Sergio Moreno
|
0-0: Called Strike 0-1: Ball 1-1: Ball 2-1: Swinging Strike 2-2: Foul Ball, location: 2F 2-2: Strikes out swinging
|
Batting: RHB Jessie Thompson
|
0-0: Ball 1-0: Called Strike 1-1: Ball 2-1: Ball 3-1: Fly out, F7 (Flyball, 7S)
|
Batting: RHB Henry Dawson
|
0-0: Ball 1-0: Foul Ball, location: 2F 1-1: Called Strike 1-2: Strikes out swinging
|
Bottom of the 4th over - 1 run(s), 2 hit(s), 0 error(s), 1 left on base; Intercourse 0 - Wilmington 1 |
TOP OF THE 5TH |
Intercourse Amish batting - Pitching for Wilmington Rebels : RHP Thomas Dent
|
Batting: LHB Dave Reynolds
|
0-0: Ball 1-0: Called Strike 1-1: Fly out, F9 (Flyball, 9LS)
|
Batting: RHB Frank Maxwell
|
0-0: Called Strike 0-1: Ball 1-1: Ground out 6-3 (Groundball, 6)
|
Batting: RHB Juan Estrada
|
0-0: Called Strike 0-1: Ball 1-1: Ball 2-1: Ball 3-1: Foul Ball, location: 2F 3-2: Base on Balls
|
Batting: RHB Juan Caceres
|
0-0: Called Strike 0-1: Called Strike 0-2: Ball 1-2: Ball 2-2: Fly out, F9 (Flyball, 9S)
|
Top of the 5th over - 0 run(s), 0 hit(s), 0 error(s), 1 left on base; Intercourse 0 - Wilmington 1 |
BOTTOM OF THE 5TH |
Wilmington Rebels batting - Pitching for Intercourse Amish : LHP Pancho Guerrero
|
Batting: RHB Anastasio Movonda
|
0-0: Called Strike 0-1: Ball 1-1: SINGLE (Groundball, 4) (infield hit)
|
Batting: RHB Andrew Deal
|
0-0: Called Strike 0-1: Called Strike 0-2: Ball 1-2: Fly out, F8 (Flyball, 8RS)
|
Batting: LHB Manny Hernández
|
0-0: Ball 1-0: Swinging Strike 1-1: Foul Ball, location: 2F 1-2: Ball 2-2: SINGLE (Groundball, 3) (infield hit) Anastasio Movonda to second
|
Batting: LHB Larry Smith
|
0-0: Called Strike 0-1: Fly out, F7 (Flyball, 7)
|
Batting: RHB Remi Eruzione
|
0-0: TRIPLE (Flyball, 8LXD) Anastasio Movonda scores Manny Hernández scores
|
Batting: RHB Eugene Allen
|
0-0: Called Strike 0-1: Ball 1-1: Ball 2-1: Ground out 5-3 (Groundball, 5L)
|
Bottom of the 5th over - 2 run(s), 3 hit(s), 0 error(s), 1 left on base; Intercourse 0 - Wilmington 3 |
TOP OF THE 6TH |
Intercourse Amish batting - Pitching for Wilmington Rebels : RHP Thomas Dent
|
Batting: RHB Bob Carr
|
0-0: Foul Ball, location: 2F 0-1: Ball 1-1: Ball 2-1: Hit by Pitch
|
Batting: RHB Taylor Justice
|
0-0: SINGLE (Groundball, 3D) Bob Carr to second Runner from 2nd tries for 3rd, SAFE, throw made to third
|
Batting: LHB Tony O'Bryan
|
0-0: Grounds into double play, 4-6-3 (Groundball, 4) Bob Carr scores
|
Batting: LHB Bruce Foster
|
0-0: Called Strike 0-1: Foul Ball, location: 2F 0-2: Ground out 6-3 (Groundball, 6)
|
Top of the 6th over - 1 run(s), 1 hit(s), 0 error(s), 0 left on base; Intercourse 1 - Wilmington 3 |
BOTTOM OF THE 6TH |
Wilmington Rebels batting - Pitching for Intercourse Amish : LHP Pancho Guerrero
|
Batting: RHB Sergio Moreno
|
0-0: Called Strike 0-1: Called Strike 0-2: Ball 1-2: Foul Ball, location: 2F 1-2: Strikes out looking
|
Batting: RHB Jessie Thompson
|
0-0: Called Strike 0-1: Fly out, F2 (Popup, 13S)
|
Batting: RHB Henry Dawson
|
0-0: Swinging Strike 0-1: Ground out 6-3 (Groundball, 6)
|
Bottom of the 6th over - 0 run(s), 0 hit(s), 0 error(s), 0 left on base; Intercourse 1 - Wilmington 3 |
TOP OF THE 7TH |
Intercourse Amish batting - Pitching for Wilmington Rebels : RHP Thomas Dent
|
Batting: RHB Pablo Díaz
|
0-0: Foul Ball, location: 2F 0-1: Swinging Strike 0-2: Strikes out swinging
|
Batting: LHB Dave Reynolds
|
0-0: Ball 1-0: Ball 2-0: Called Strike 2-1: Ball 3-1: Base on Balls
|
Pitching: LHP Matt Fritz
|
|
Batting: RHB Frank Maxwell
|
0-0: Foul Ball, location: 2F 0-1: Ball 1-1: Ground out U3 (Groundball, 34) Dave Reynolds to second
|
Batting: RHB Juan Estrada
|
0-0: Ball 1-0: Foul Ball, location: 2F 1-1: Swinging Strike 1-2: Foul Ball, location: 2F 1-2: Foul Ball, location: 2F 1-2: Strikes out swinging
|
Top of the 7th over - 0 run(s), 0 hit(s), 0 error(s), 1 left on base; Intercourse 1 - Wilmington 3 |
BOTTOM OF THE 7TH |
Wilmington Rebels batting - Pitching for Intercourse Amish : LHP Pancho Guerrero
|
Pitching: RHP David Nanod
|
|
Batting: RHB Anastasio Movonda
|
0-0: Ball 1-0: Called Strike 1-1: Ball 2-1: Ball 3-1: Called Strike 3-2: Base on Balls
|
Batting: RHB Andrew Deal
|
0-0: Bunt missed! 0-1: Ball 1-1: Bunted foul 1-2: Foul Ball, location: 2F 1-2: Ground out 4-3 (Groundball, 34) Anastasio Movonda to second
|
Batting: LHB Manny Hernández
|
0-0: Intentional Walk
|
Batting: LHB Larry Smith
|
0-0: Called Strike 0-1: Called Strike 0-2: Ball 1-2: Ball 2-2: SINGLE (Groundball, 6MS) (infield hit) Anastasio Movonda to third Manny Hernández to second
|
Pinch Hitting: RHB Víctor Márquez
|
0-0: Called Strike 0-1: Ball 1-1: Called Strike 1-2: Strikes out swinging
|
Pinch Hitting: LHB Juan Delgado
|
0-0: Foul Ball, location: 2F 0-1: Swinging Strike 0-2: Strikes out looking
|
Bottom of the 7th over - 0 run(s), 1 hit(s), 0 error(s), 3 left on base; Intercourse 1 - Wilmington 3 |
TOP OF THE 8TH |
Intercourse Amish batting - Pitching for Wilmington Rebels : LHP Matt Fritz
|
Now in LF: Juan Delgado
|
|
Now in CF: León Gómez
|
|
Batting: RHB Juan Caceres
|
0-0: Called Strike 0-1: Ball 1-1: Ball 2-1: Ball 3-1: Base on Balls
|
Pitching: LHP Edwin King
|
|
Batting: RHB Bob Carr
|
0-0: Ball 1-0: Foul Ball, location: 2F 1-1: Fly out, F7 (Flyball, 7)
|
Pitching: RHP Edgar Martínez
|
|
Batting: RHB Taylor Justice
|
0-0: Foul Ball, location: 2F 0-1: Ball Wild Pitch! Juan Caceres to second 1-1: Ball 2-1: Ball 3-1: Foul Ball, location: 2F 3-2: Strikes out swinging
|
Pitching: LHP Corey Moore
|
|
Batting: LHB Tony O'Bryan
|
0-0: Ball 1-0: Ball 2-0: Called Strike 2-1: Foul Ball, location: 2F 2-2: Foul Ball, location: 2F 2-2: Fly out, F8 (Flyball, 89D)
|
Top of the 8th over - 0 run(s), 0 hit(s), 0 error(s), 1 left on base; Intercourse 1 - Wilmington 3 |
BOTTOM OF THE 8TH |
Wilmington Rebels batting - Pitching for Intercourse Amish : RHP David Nanod
|
Batting: RHB Sergio Moreno
|
0-0: Ball 1-0: Ball 2-0: Swinging Strike 2-1: Ball 3-1: Foul Ball, location: 2F 3-2: Strikes out swinging
|
Batting: RHB Jessie Thompson
|
0-0: Ball 1-0: Swinging Strike 1-1: Swinging Strike 1-2: Ball 2-2: Fly out, F8 (Flyball, 8RM)
|
Batting: RHB Henry Dawson
|
0-0: Ball 1-0: Foul Ball, location: 2F 1-1: Fly out, F8 (Flyball, 8LM)
|
Bottom of the 8th over - 0 run(s), 0 hit(s), 0 error(s), 0 left on base; Intercourse 1 - Wilmington 3 |
TOP OF THE 9TH |
Intercourse Amish batting - Pitching for Wilmington Rebels : LHP Corey Moore
|
Pitching: RHP Jim Wilson
|
|
Batting: LHB Bruce Foster
|
0-0: Ball 1-0: Ball 2-0: Fly out, F4 (Popup, 4S)
|
Batting: RHB Pablo Díaz
|
0-0: Foul Ball, location: 2F 0-1: Ground out 6-3 (Groundball, 6M)
|
Batting: LHB Dave Reynolds
|
0-0: Ball 1-0: Swinging Strike 1-1: Called Strike 1-2: Strikes out swinging
|
Top of the 9th over - 0 run(s), 0 hit(s), 0 error(s), 0 left on base; Intercourse 1 - Wilmington 3 |
|